 Dungeon Crawl Stone Soup version 0.29-a0-369-gd956c00756 (webtiles) character file.

Game seed: 5796222050721152501

1148 YayAnonymity the Ruffian (level 8, -2/70 HPs)
             Began as a Troll Gladiator on May 2, 2022.
             Slain by a gnoll
             ... wielding a +0 spear
              (5 damage)
             ... on level 5 of the Dungeon.
             The game lasted 00:07:42 (3967 turns).

YayAnonymity the Ruffian (Troll Gladiator)          Turns: 3967, Time: 00:07:43

Health: -2/70      AC:  5    Str: 25    XL:     8   Next: 15%
Magic:  7/7        EV: 12    Int:  4    God:
Gold:   383        SH:  0    Dex: 17    Spells: 7/7 levels left

rFire   . . .      SeeInvis .     - Unarmed
rCold   . . .      Faith    .   (no shield)
rNeg    . . .      Spirit   .   a - +0 robe
rPois   .          Reflect  .   b - +1 hat
rElec   .          Harm     .   C - scarf {repulsion}
rCorr   .          Rampage  .   (gloves unavailable)
Will    .....                   (boots unavailable)
Stlth   +.........              (no amulet)
HPRegen 1.01/turn               k - +6 ring of dexterity
MPRegen 0.10/turn               (no ring)

@: confused, lethally poisoned (-2 -> -4), ambrosia-drunk, repel missiles
A: large, unfitting armour, claws 3, regeneration 1, shaggy fur 1, tough skin 1
a: no special abilities


You were on level 5 of the Dungeon.
You visited 1 branch of the dungeon, and saw 5 of its levels.

You collected 383 gold pieces.

Inventory:

Hand Weapons
 f - a +1 whip
Missiles
 c - 4 throwing nets (quivered)
 d - a large rock
Armour
 a - a +0 robe (worn)
 b - a +1 hat (worn)
 m - a +0 kite shield
 C - a scarf of repulsion (worn)
Jewellery
 k - a +6 ring of dexterity (left claw)
 p - a +4 ring of evasion
Wands
 s - a wand of polymorph (10)
 v - a wand of flame (12)
 x - a wand of paralysis (11)
 y - a wand of charming (13)
Scrolls
 e - a scroll of summoning
 i - a scroll of amnesia
 n - 3 scrolls of teleportation
 r - a scroll of enchant armour
Potions
 g - 2 potions of flight {unknown}
 h - 4 potions of ambrosia
 j - 3 potions of mutation
 l - 2 potions of invisibility {unknown}
 o - a potion of haste {unknown}
 q - a potion of resistance {unknown}
 t - a potion of brilliance {unknown}
 u - a potion of attraction {unknown}
 w - a potion of heal wounds {unknown}
 A - a potion of degeneration {unknown}


   Skills:
 - Level 1.5 Fighting
 - Level 0.2 Maces & Flails
 + Level 4.3 Throwing
 + Level 4.7 Dodging
 * Level 7.7 Unarmed Combat


You had 7 spell levels left.
You didn't know any spells.
Your spell library contained the following spells:

 Spells                   Type           Power      Damage    Failure   Level
 Call Canine Familiar     Summ           0%         N/A       86%         3
 Gell's Gravitas          Tloc           0%         N/A       86%         3
 Ignite Poison            Fire/Tmut/Pois 0%         N/A       86%         3
 Mephitic Cloud           Conj/Pois/Air  0%         N/A       86%         3
 Portal Projectile        Hex/Tloc       0%         N/A       86%         3
 Teleport Other           Tloc           0%         N/A       86%         3
 Leda's Liquefaction      Hex/Erth       0%         N/A       99%         4
 Freezing Cloud           Conj/Ice/Air   0%         6-21      100%        5
 Dispersal                Tloc           0%         N/A       100%        6


Dungeon Overview and Level Annotations

Branches:
Dungeon (5/15)
 Temple: D:4-7

Altars:
Hepliaklqana
Makhleb
Nemelex Xobeh
Okawaru
Ru
Sif Muna
Zin

Shops:
D:5 :


Innate Abilities, Weirdness & Mutations

You are too large for most types of armour.
You have claws for hands.
Your natural rate of healing is unusually fast.
You are covered in fur. (AC +1)
You have tough skin. (AC +1)


Message History

You closely miss the water moccasin.
The water moccasin is moderately wounded.
You feel very sick. The water moccasin bites you.
The gnoll hits you from afar with a +0 spear.
The gnoll hits you with a +0 whip.
You are too injured to fight recklessly!
You are too injured to fight recklessly!
You are too injured to fight recklessly!
You feel very sick. The water moccasin bites you.
You are more poisoned.
The water moccasin poisons you! The gnoll attacks as you move away!
The gnoll closely misses you.
* * * LOW HITPOINT WARNING * * *
You feel extremely sick.
You mangle the water moccasin!!
You kill the water moccasin!
You feel very sick.
Okay, then.
You feel very sick. The gnoll hits you but does no damage.
The gnoll hits you with a +0 spear.
* * * LOW HITPOINT WARNING * * *
You see here a water moccasin corpse.
You closely miss the gnoll.
You feel very sick. The gnoll closely misses you.
The gnoll hits you with a +0 spear.
* * * LOW HITPOINT WARNING * * *
You are confused.
You feel invigorated.
You feel very sick. The gnoll hits you with a +0 whip.
* * * LOW HITPOINT WARNING * * *
The gnoll misses you.
You bump into the rock wall.
You feel sick. The gnoll hits you with a +0 whip.
* * * LOW HITPOINT WARNING * * *
The gnoll hits you with a +0 spear.
* * * LOW HITPOINT WARNING * * *
The gnoll attacks as you move away! The gnoll hits you with a +0 spear.
You die...

#..........#...#........
#.......................
####.......................
#...................÷......
#######.##.....................(.
#.......##....................)8)
..########...............#......)
..## #......gg...###.##...#8)
#..#############@###..##.#...##.⌠
##.).##..........# ##.##.#..###8.
###)##..........# #....#..# ##.
#)..........#.# ##'###..# #.
###........##.# #.##...# ###
#.#.#..###..#####..###.# #..
#####...#..##...........##.###..
#.....###>.+...♣..>..♣......)...
##.###).....##...........##...###


You could see 2 gnolls.

Vanquished Creatures
  A water moccasin (D:5)
  An orc warrior (D:5)
  A black bear (D:4)
  A phantom (D:5)
  A gnoll sergeant (D:5)
  A scorpion (D:4)
  A hound (D:5)
  A jelly (D:3)
  An orc priest (D:5)
  4 iguanas
  Natasha (thrice) (D:3)
  4 orc wizards
  Terence (D:3)
  10 gnolls
  6 adders
  A white imp (D:5)
  A worm (D:2)
  4 dart slugs
  26 orcs
  6 bats
  8 endoplasms
  2 giant cockroaches
  9 hobgoblins
  3 jackals
  5 kobolds
  3 quokkas
  8 ball pythons
  A frilled lizard (D:1)
  8 goblins
  4 rats
126 creatures vanquished.

Notes
Turn   | Place    | Note
-------+----------+-------------------------------------------
     0 | D:1      | YayAnonymity the Troll Gladiator began the quest for the
                  | Orb.
     0 | D:1      | Reached XP level 1. HP: 19/19 MP: 0/0
   235 | D:1      | Reached XP level 2. HP: 27/27 MP: 1/1
   787 | D:1      | Reached XP level 3. HP: 33/33 MP: 2/2
  1068 | D:2      | Found a faded altar of an unknown god.
  1249 | D:2      | Reached skill level 4 in Unarmed Combat
  1890 | D:3      | Noticed Terence
  1894 | D:3      | Reached XP level 4. HP: 41/41 MP: 3/3
  1897 | D:3      | Killed Terence
  1967 | D:3      | Noticed Natasha
  1970 | D:3      | Killed Natasha
  2006 | D:3      | Noticed Natasha
  2018 | D:3      | Killed Natasha
  2019 | D:3      | Reached XP level 5. HP: 42/48 MP: 4/4
  2034 | D:3      | Noticed Natasha
  2041 | D:3      | Killed Natasha
  2042 | D:3      | Reached skill level 5 in Unarmed Combat
  2485 | D:3      | Found a burning altar of Makhleb.
  2488 | D:3      | Noticed a cacodemon
  2625 | D:3      | Reached XP level 6. HP: 28/55 MP: 5/5
  2766 | D:4      | Reached skill level 6 in Unarmed Combat
  3018 | D:4      | Reached XP level 7. HP: 54/62 MP: 6/6
  3191 | D:5      | Entered Level 5 of the Dungeon
  3435 | D:5      | Found Extuof's Book Boutique.
  3580 | D:5      | Found a hazy altar of Hepliaklqana.
  3583 | D:5      | Reached skill level 7 in Unarmed Combat
  3782 | D:5      | Reached XP level 8. HP: 43/70 MP: 7/7
  3827 | D:5      | Found a sparkling altar of Nemelex Xobeh.
  3852 | D:5      | Found an iron altar of Okawaru.
  3854 | D:5      | Found a sacrificial altar of Ru.
  3855 | D:5      | Found a glowing silver altar of Zin.
  3897 | D:5      | Found a shimmering blue altar of Sif Muna.
  3966 | D:5      | HP: 3/70 [gnoll/+0 spear (2)]
  3967 | D:5      | Slain by a gnoll

Illustrated notes

Levels and vault maps discovered:
D:1:      dpeg_arrival_brainrot, layout_basic, st_stairs_6,
          minmay_crystal_water, corexii_leaking_fountain
D:2:      minmay_alternating_diamond, layout_basic,
          hellmonk_ecumenical_altar_arch_garden
D:3:      layout_loops_ring, makhleb_altar_promises_db, uniq_natasha,
          uniq_terence
D:4:      kennysheep_spiral_hall, layout_rooms
D:5:      layout_rooms, kennysheep_orc_sif_temple,
          ashenzari_conservatory_becter, minitemple,
          mainiacjoe_overflow_concentric_impassable, serial_shops,
          nicolae_shop_temple_entry_statues_fountains, grunt_ministairs_15

Skill      XL: |  1  2  3  4  5  6  7 |
---------------+----------------------+-----
Unarmed Combat | 4 5 6 7 |  7.7
Dodging        | 3 4 |  4.7
Throwing       | 2 3 4 |  4.3
Fighting       | |  1.5
Maces & Flails | |  0.2

Action                   |  1- 3 |  4- 6 |  7- 9 || total
-------------------------+-------+-------+-------++-------
Melee: Unarmed           |    90 |   108 |   121 ||   319
       Punch             |     1 |     6 |     8 ||    15
  Use: Scroll            |       |       |    11 ||    11
       Potion            |       |       |     1 ||     1
 Stab: Sleeping          |     6 |     4 |       ||    10
       Distracted        |     1 |       |     1 ||     2
Armor: Robe              |    32 |    23 |    28 ||    83
Dodge: Dodged            |    41 |    76 |    64 ||   181
       Repelled          |       |       |     2 ||     2

Table legend: (Time is in decaauts)
 A = Elapsed time spent in this place.
 B = Non-inter-level travel time spent in this place.
 C = Inter-level travel time spent in this place.
 D = Time resting spent in this place.
 E = Time spent auto-exploring this place.
 F = Levels seen in this place.
 G = Mean time per level.
                   A        B        C        D        E       F      G
               +--------+--------+--------+--------+--------+-----+--------+
         Total |   3945 |   3755 |    190 |     80 |   2858 |   5 |  789.0 |
       Dungeon |   3945 |   3755 |    190 |     80 |   2858 |   5 |  789.0 |
               +--------+--------+--------+--------+--------+-----+--------+

Top non-repeatable levels by time:
     D:1: 1042 daAuts
     D:2: 843 daAuts
     D:5: 716 daAuts
     D:3: 713 daAuts
     D:4: 629 daAuts
